 Dungeon Crawl Stone Soup version 0.28.0 (webtiles) character file.

Game seed: 14202350379909263529

6069 a3don the Blocker (level 10, 0/93 HPs)
             Began as a Minotaur Fighter on Feb 8, 2022.
             Slain by a yak (9 damage)
             ... on level 1 of the Lair of Beasts.
             The game lasted 00:13:11 (12373 turns).

a3don the Blocker (Minotaur Fighter)               Turns: 12373, Time: 00:13:11

Health: 0/93       AC: 19    Str: 24    XL:     10   Next: 57%
Magic:  9/9        EV:  7    Int:  7    God:
Gold:   337        SH:  6    Dex:  9    Spells: 9/9 levels left

rFire   . . .      SeeInvis .   K - +0 broad axe
rCold   . . .      Faith    .   c - +0 buckler
rNeg    . . .      Spirit   .   b - +0 plate armour
rPois   .          Reflect  .   (helmet restricted)
rElec   .          Harm     .   q - +0 cloak
rCorr   .          Rampage  .   k - +0 pair of gloves
Will    .....                   E - +0 pair of boots
Stlth   ..........              (no amulet)
HPRegen 0.25/turn               (no ring)
MPRegen 0.11/turn               (no ring)

@: lethally poisoned (0 -> -4)
A: horns 2, retaliatory headbutt
a: no special abilities


You were on level 1 of the Lair of Beasts.
You visited 2 branches of the dungeon, and saw 10 of its levels.

You collected 560 gold pieces.
You spent 223 gold pieces at shops.

Inventory:

Hand Weapons
 a - a +0 war axe
 p - a +3 quarterstaff of chaos
 C - the +2 quarterstaff "Qunostif" {speed, rElec rC+ Int+4 Stlth-}
   (You found it on level 5 of the Dungeon)

   Attacks with this weapon are significantly faster.
   Int:       It affects your intelligence (+4).
   rC:        It protects you from cold.
   rElec:     It insulates you from electricity.
   Stlth:     It makes you less stealthy.
 D - a +2 mace of freezing
 J - a +2 dagger of draining
 K - a +0 broad axe (weapon)
 M - a +1 whip of freezing
Missiles
 h - 8 javelins (quivered)
Armour
 b - a +0 plate armour (worn)
 c - a +0 buckler (worn)
 k - a +0 pair of gloves (worn)
 q - a +0 cloak (worn)
 E - a +0 pair of boots (worn)
Jewellery
 e - a ring of fire
 r - a +6 ring of intelligence
 s - a ring of see invisible
 y - a ring of protection from fire
Wands
 d - a wand of charming (14)
 B - a wand of flame (47)
 L - a wand of digging (1)
Scrolls
 i - 5 scrolls of teleportation
 j - 3 scrolls of magic mapping
 l - a scroll of summoning {unknown}
 m - 2 scrolls of enchant armour
 F - a scroll of holy word
Potions
 f - a potion of heal wounds {unknown}
 g - a potion of might
 n - a potion of magic {unknown}
 o - a potion of haste {unknown}
 t - 2 potions of cancellation {unknown}
 u - 2 potions of mutation
 v - 4 potions of curing
 w - 3 potions of flight
 x - a potion of brilliance {unknown}
 z - a potion of attraction {unknown}
 G - a potion of resistance {unknown}
 H - a potion of ambrosia {unknown}
 I - a potion of lignification {unknown}


   Skills:
 + Level 10.3 Fighting
 + Level 9.9 Axes
 + Level 10.3 Armour
 + Level 10.3 Shields


You had 9 spell levels left.
You didn't know any spells.
Your spell library contained the following spells:

 Spells                   Type           Power      Damage    Failure   Level
 Summon Forest            Summ/Tloc      0%         N/A       100%        5
 Eringya's Noxious Bog    Tmut/Pois      0%         N/A       100%        6
 Summon Hydra             Summ           0%         N/A       100%        7


Dungeon Overview and Level Annotations

Branches:
Dungeon (9/15)             Temple (0/1) D:6            Lair (1/6) D:8
    Orc: D:9-12

Altars:
Ru

Shops:
D:2 *


Innate Abilities, Weirdness & Mutations

You have a pair of horns on your head.
You reflexively headbutt those who attack you in melee.


Message History

You are too injured to fight recklessly!
You are too injured to fight recklessly!
You are too injured to fight recklessly!
You are too injured to fight recklessly!
You are too injured to fight recklessly!
You are too injured to fight recklessly!
You are too injured to fight recklessly!
You slash the cane toad!
You kill the cane toad!
You feel extremely sick.
You closely miss the yak. You headbutt the yak, but do no damage.
* * * LOW HITPOINT WARNING * * *
You feel extremely sick. The yak gores you.
* * * LOW HITPOINT WARNING * * *
You slash the yak!
The yak is moderately wounded.
* * * LOW HITPOINT WARNING * * *
You feel very sick.
You hit the yak.
The yak is lightly wounded.
You barely miss the yak.
You feel very sick. The yak gores you but does no damage.
The yak completely misses you.
You hit the yak but do no damage.
The yak is lightly wounded.
You hit the yak.
You feel very sick. The yak gores you but does no damage.
You hit the yak.
The yak is heavily wounded.
You hit the yak.
You feel sick. The yak barely misses you. The yak gores you but does no damage.
You slash the yak! You headbutt the yak!
The yak is almost dead.
You hit the yak but do no damage.
You feel sick. You block the yak's attack. x2
You slash the yak!
You kill the yak!
You hit the yak.
You feel sick. The yak gores you!
You die...

## P# .##
.. ##.#
##..#
#.YY#
##l#.Y...#
#Y@# Y$...
#..#


YF.. #.## ... ##.# .. #..# . ##.## ##P.### #.....# ##<...# You could see a
komodo dragon and 3 yaks.

Vanquished Creatures
  Pikel (D:8)
  Maurice (D:8)
  A cane toad (Lair:1)
  A troll (D:6)
  Prince Ribbit (D:6)
  9 yaks
  A steam dragon (D:8)
  Menkaure (D:7)
  A water moccasin (D:7)
  5 orc warriors
  2 sky beasts
  2 ice beasts
  4 necrophages
  5 ogres
  A phantom (D:4)
  2 lemures (D:8)
  3 bullfrogs
  A wyvern zombie (D:6)
  A scorpion (D:6)
  A water moccasin zombie (D:7)
  A howler monkey (D:8)
  4 wights (D:6)
  2 electric eels (D:6)
  A bullfrog zombie (D:6)
  2 centaur zombies (D:8)
  2 hounds
  4 orc priests
  Crazy Yiuf (D:2)
  2 jellies (D:6)
  A gnoll shaman (D:5)
  2 iguanas (D:6)
  3 orc wizards
  A scorpion zombie (D:5)
  A killer bee zombie (D:8)
  4 gnolls (D:5)
  10 adders
  An ufetubus (D:6)
  A worm (D:4)
  36 orcs
  12 ball pythons
  9 bats
  8 endoplasms
  2 giant cockroaches (D:1)
  7 goblins
  8 hobgoblins
  2 jackals (D:3)
  10 kobolds
  6 quokkas
  3 frilled lizards (D:1)
  3 rats
193 creatures vanquished.

Notes
Turn   | Place    | Note
-------+----------+-------------------------------------------
     0 | D:1      | a3don the Minotaur Fighter began the quest for the Orb.
     0 | D:1      | Reached XP level 1. HP: 19/19 MP: 0/0
   146 | D:1      | Reached XP level 2. HP: 21/27 MP: 1/1
   619 | D:1      | Reached XP level 3. HP: 26/33 MP: 2/2
   767 | D:1      | Found a faded altar of an unknown god.
   963 | D:2      | Found Vatam's Assorted Antiques.
  1251 | D:2      | Reached XP level 4. HP: 29/41 MP: 3/3
  1488 | D:2      | Found a runed translucent door.
  1489 | D:2      | Noticed Crazy Yiuf
  1871 | D:2      | Killed Crazy Yiuf
  2318 | D:3      | Noticed a bullfrog
  2323 | D:3      | Killed a bullfrog
  2324 | D:3      | Reached XP level 5. HP: 47/47 MP: 4/4
  2802 | D:4      | Reached skill level 5 in Fighting
  2802 | D:4      | Reached skill level 5 in Armour
  2802 | D:4      | Reached skill level 5 in Shields
  3034 | D:4      | Reached XP level 6. HP: 56/56 MP: 5/5
  3930 | D:5      | Entered Level 5 of the Dungeon
  3971 | D:5      | Found a sacrificial altar of Ru.
  4296 | D:5      | Reached skill level 5 in Axes
  4296 | D:5      | Reached XP level 7. HP: 57/62 MP: 6/6
  4866 | D:5      | Identified the +2 quarterstaff "Qunostif" {speed, rElec rC+
                  | Int+4 Stlth-}
  5551 | D:6      | Noticed a troll
  5562 | D:6      | Killed a troll
  5563 | D:6      | Reached XP level 8. HP: 6/71 MP: 7/7
  5933 | D:6      | Found a staircase to the Ecumenical Temple.
  6938 | D:7      | Noticed Prince Ribbit
  6943 | D:7      | Noticed Menkaure
  7292 | D:6      | Killed Prince Ribbit
  7293 | D:6      | Reached XP level 9. HP: 42/81 MP: 8/8
  7474 | D:7      | Killed Menkaure
 10512 | D:8      | Reached XP level 10. HP: 73/91 MP: 9/9
 10786 | D:8      | Found a staircase to the Lair.
 11368 | D:8      | Noticed Pikel
 11380 | D:8      | Noticed Maurice
 11384 | D:8      | Killed Pikel
 11392 | D:8      | Killed Maurice
 11393 | D:8      | Reached skill level 10 in Fighting
 11393 | D:8      | Reached skill level 10 in Armour
 11393 | D:8      | Reached skill level 10 in Shields
 12180 | D:2      | Bought an emerald potion for 26 gold pieces
 12180 | D:2      | Bought a potion of might for 116 gold pieces
 12180 | D:2      | Bought a scroll labelled ARIN OSYATUX for 29 gold pieces
 12180 | D:2      | Bought a coppery potion for 26 gold pieces
 12180 | D:2      | Bought a pink potion for 26 gold pieces
 12331 | Lair:1   | Entered Level 1 of the Lair of Beasts
 12345 | Lair:1   | Noticed a cane toad
 12366 | Lair:1   | Killed a cane toad
 12373 | Lair:1   | Slain by a yak

Illustrated notes

Levels and vault maps discovered:
D:1:      evilmike_arrival_rings, layout_rooms, shapermc_ecumenical_altar_gd,
          minmay_pentomino_p4
D:2:      layout_basic, serial_shops, nicolae_shop_hallway_plus,
          uniq_crazy_yiuf_cottage
D:3:      layout_loops_ring
D:4:      layout_loops_cross, chequers_ossuary_entry_cave
D:5:      layout_basic, lemuel_round_altar, mrwooster_statue_mirror
D:6:      layout_basic, minmay_temple_entry_enclosed_plants, kennysheep_potato
D:7:      layout_layer_cave, uniq_menkaure, uniq_prince_ribbit1
D:8:      layout_loops_ring, lair_entry_dummy, special_room [special_room_orc],
          uniq_maurice, uniq_pikel
D:9:      layout_stronghold, enter_bailey_6, minmay_fountain_box,
          hangedman_abyss_or_decor_lesser_grid, kennysheep_decorative_pillar,
          kennysheep_generic_room_4
Lair:1:   layout_cave_pods, serial_bayou_pond_d,
          eino_small_chamber_without_monster

Skill      XL: |  1  2  3  4  5  6  7  8  9 10 |
---------------+-------------------------------+-----
Shields        | 4 5 6 8 9 10 | 10.3
Fighting       | 4 5 6 8 9 10 | 10.3
Armour         | 4 5 6 8 9 10 | 10.3
Axes           | 3 4 5 6 7 9 |  9.9

Action                   |  1- 3 |  4- 6 |  7- 9 | 10-12 || total
-------------------------+-------+-------+-------+-------++-------
Melee: War axe           |    92 |   118 |   284 |    53 ||   547
       Headbutt          |     7 |    13 |    47 |    20 ||    87
       Broad axe         |       |       |       |    46 ||    46
  Use: Potion            |       |     1 |     2 |     1 ||     4
       Scroll            |       |       |       |    11 ||    11
Armor: Scale mail        |    51 |    64 |   110 |       ||   225
       Plate armour      |       |       |    21 |    47 ||    68
       Chain mail        |       |       |    11 |       ||    11
Dodge: Dodged            |    60 |    59 |   101 |    23 ||   243
Block: Buckler           |    19 |    28 |    71 |    28 ||   146
